 Dungeon Crawl Stone Soup version 0.30.0-20-g3b4254fcbd (webtiles) character file.

Game seed: 2738959759868234562

345 safid the Chiller (level 6, -2/48 HPs)
             Began as a Merfolk Ice Elementalist on June 2, 2023.
             Was an Initiate of Vehumet.
             Slain by an iguana (10 damage)
             ... on level 4 of the Dungeon.
             The game lasted 00:04:58 (3531 turns).

safid the Chiller (Merfolk Ice Elementalist)        Turns: 3531, Time: 00:04:58

Health: -2/48      AC:  3    Str:  8    XL:     6   Next: 58%
Magic:  11/11      EV: 12    Int: 16    God:    Vehumet [......]
Gold:   151        SH:  0    Dex: 15    Spells: 5/12 levels left

rFire   + . .        l - +0 spear of Outrage {venom, rF+}
rCold   . . .        (no shield)
rNeg    . . .        a - +0 robe
rPois   .            (no helmet)
rElec   .            e - +0 cloak
rCorr   .            (no gloves)
SInv    +            (no boots)
Will    .....        (no amulet)
Stlth   ++           f - ring of see invisible
HPRegen 0.28/turn    (no ring)
MPRegen 0.12/turn

%: no passive effects
@: lethally poisoned (-2 -> -5), hasted, very quick
A: (nimble swimmer 2), mertail
a: Renounce Religion


You were on level 4 of the Dungeon.
You worshipped Vehumet.
Vehumet was noncommittal.
You visited 2 branches of the dungeon, and saw 5 of its levels.

You collected 151 gold pieces.

Inventory:

Hand Weapons
 l - the +0 spear of Outrage (weapon) {venom, rF+}
   (You found it on level 2 of the Dungeon)

   rF:        It protects you from fire.
Armour
 a - a +0 robe (worn)
 e - a +0 cloak (worn)
Jewellery
 f - a ring of see invisible (left hand)
Scrolls
 c - 3 scrolls of identify {unknown}
 h - 2 scrolls of teleportation {unknown}
 j - a scroll of fear {unknown}
 m - a scroll of immolation {unknown}
 q - a scroll of vulnerability {unknown}
 r - a scroll of acquirement {unknown}
 s - a scroll of magic mapping {unknown}
Potions
 b - 2 potions of magic
 d - a potion of curing {unknown}
 g - a potion of might {unknown}
 i - a potion of flight {unknown}
 k - a potion of ambrosia {unknown}
 n - a potion of mutation {unknown}
 o - a potion of heal wounds {unknown}
 p - a potion of cancellation {unknown}
 t - 2 potions of haste


   Skills:
 + Level 3.8 Fighting
 - Level 2.6 Dodging
 - Level 2.1 Stealth
 + Level 3.8 Spellcasting
 + Level 6.0 Ice Magic


You had 5 spell levels left.
You knew the following spells:

 Your Spells              Type           Power      Damage    Failure   Level
a - Freeze                Ice            88%        1d9       1%          1
b - Frozen Ramparts       Ice            44%        1d7       4%          3
c - Ozocubu's Armour      Ice            22%        N/A       4%          3

Your spell library contained the following spells:

 Spells                   Type           Power      Damage    Failure   Level
 Sandblast                Erth           6%         2d5       17%         1
 Passwall                 Tmut/Erth      2%         N/A       26%         2
 Summon Ice Beast         Ice/Summ       12%        N/A       43%         4
 Stone Arrow              Conj/Erth      6%         3d7       45%         3


Dungeon Overview and Level Annotations

Branches:
Dungeon (4/15)             Temple (1/1) D:4

Altars:
Ashenzari
Cheibriados
Dithmenos
Elyvilon
Fedhas
Kikubaaqudgha
Nemelex Xobeh
Qazlal
Ru
Trog
Uskayaw
Vehumet
Wu Jian
Yredelemnul
Zin
Lugonu

Portals:
Abyss: D:3

Annotations:
D:4 3 runed translucent doors, Brasilia's ghost, amateur FeWn


Innate Abilities, Weirdness & Mutations

((You are very nimble when in or above water. (Stealth+, EV+, Speed+++)))
Your lower body shifts to a powerful aquatic tail in water.


Message History

A goblin comes into view. It is wielding a +0 club.
Found a robe.
An iguana comes into view.
The iguana moves out of view.
Found a pair of gloves.
The iguana hisses angrily.
You see here a +0 robe.
You reach to attack!
The helpless goblin fails to defend itself.
You hit the goblin.
The goblin is poisoned.
The goblin is moderately wounded.
You kill the goblin!
Vehumet accepts your kill.
A scorpion and a jackal come into view.
Found 5 stones.
Found a scroll labelled PILICA RUFYLUU.
You see here a +0 club.
You barely miss the iguana. The iguana bites you.
The jackal barks!
You hit the iguana but do no damage.
You hear a bark!
The iguana bites you!
Unknown command.
The iguana attacks as you move away! The iguana misses you.
The scorpion attacks as you move away! The scorpion closely misses you.
The iguana attacks as you move away! The iguana bites you!
The scorpion attacks as you move away! The scorpion stings you.
You see here a +0 robe.
The iguana attacks as you move away! The iguana closely misses you.
The iguana attacks as you move away! The iguana bites you!
The scorpion closely misses you. The scorpion attacks as you move away!
The scorpion misses you. The scorpion attacks as you move away!
The scorpion stings you.
* * * LOW HITPOINT WARNING * * *
You are poisoned.
The scorpion poisons you!
You feel sick.
Unknown command.
It was a potion of haste.
You feel yourself speed up.
You feel sick. The iguana bites you!
You die...

.####...#....#.....##.#.#
#...+...##)....#....#
##..+...#).=...#....#
#..+WZ.#!...#.##...#
#..#...##Z. #. #...#
##.#Z...# # #...# #
#.##(...# #.#..
####.##### #..###...
#.##.
..[......#####@..###.
..###
.......).[.hsl.#...#
..####
......................
.......
.(...........!.#######
.....##. ....#####......#
#. ... #....:.# #. ..
#.?....# #. ? #......# #.
#......# #.


You could see a scorpion, an iguana and a jackal.

Vanquished Creatures
  A sky beast (D:4)
  An orc wizard (D:4)
  7 adders
  8 gnolls (D:4)
  A worm (D:2)
  3 dart slugs
  8 orcs
  4 endoplasms
  8 goblins
  6 hobgoblins
  9 jackals
  9 kobolds
  A quokka (D:3)
  5 ball pythons
  2 bats
  2 frilled lizards
  2 rats
77 creatures vanquished.

Notes
Turn   | Place    | Note
-------+----------+-------------------------------------------
     0 | D:1      | safid the Merfolk Ice Elementalist began the quest for the
                  | Orb.
     0 | D:1      | Reached XP level 1. HP: 13/13 MP: 3/3
   238 | D:1      | Reached XP level 2. HP: 11/20 MP: 3/5
   501 | D:1      | Reached skill level 1 in Fighting
  1204 | D:2      | Reached XP level 3. HP: 21/26 MP: 3/6
  1233 | D:2      | Found an ornate altar of the Wu Jian Council.
  1238 | D:2      | Learned a level 3 spell: Frozen Ramparts
  1396 | D:2      | Identified the +0 spear of Outrage {venom, rF+}
  1936 | D:3      | Found a large runed translucent door.
  1936 | D:3      | Found a large runed translucent door.
  1936 | D:3      | Found a corrupted altar of Lugonu.
  1941 | D:3      | Reached skill level 5 in Ice Magic
  2012 | D:3      | Reached XP level 4. HP: 28/33 MP: 8/8
  2352 | D:3      | Found a one-way gate to the infinite horrors of the Abyss.
  2495 | D:3      | Learned a level 3 spell: Ozocubu's Armour
  2673 | D:3      | Reached XP level 5. HP: 39/39 MP: 2/9
  2908 | D:4      | Noticed a sky beast
  2928 | D:4      | Killed a sky beast
  2929 | D:4      | Reached XP level 6. HP: 20/47 MP: 1/11
  3033 | D:4      | Found a stormy altar of Qazlal.
  3088 | D:4      | Noticed an ice beast
  3088 | D:4      | Noticed Brasilia's ghost (amateur FeWn)
  3089 | D:4      | Noticed an ice beast
  3137 | D:4      | Found a staircase to the Ecumenical Temple.
  3159 | Temple   | Entered the Ecumenical Temple
  3281 | Temple   | Became a worshipper of Vehumet
  3372 | D:4      | Reached skill level 6 in Ice Magic
  3493 | D:4      | Found a runed translucent gate.
  3493 | D:4      | Found a runed translucent gate.
  3501 | D:4      | Found a runed translucent gate.
  3531 | D:4      | Slain by an iguana

Illustrated notes

Levels and vault maps discovered:
D:1:      minmay_arrival_four_houses, layout_basic,
          ebering_dispersal_statue_hall, amethyst_killhole, dk_noncrumbling_4
D:2:      layout_basic, basic_altar
D:3:      due_chaos_kobolds, layout_rooms, kennysheep_decorative_pillar,
          chequers_serial_rivers_marsh, nrook_loot_triangle
D:4:      layout_basic, nicolae_qazlal_beasts_of_the_sky, temple_fountains,
          gammafunk_ghost_icy
Temple:   compressed_dpeg_circular_temple

Skill      XL: |  1  2  3  4  5  6 |
---------------+-------------------+-----
Fighting       | 1 2 3 |  3.8
Ice Magic      | 5 6 |  6.0
Spellcasting   | 3 |  3.8
Dodging        | |  2.6
Stealth        | |  2.1

Action                     |  1- 3 |  4- 6 || total
---------------------------+-------+-------++-------
  Melee: Dagger            |    21 |       ||    21
         Unarmed           |     1 |       ||     1
         Spear             |    42 |   124 ||   166
   Cast: Freeze            |    23 |       ||    23
         Frozen Ramparts   |       |     5 ||     5
         Ozocubu's Armour  |       |     3 ||     3
    Use: Potion            |       |     1 ||     1
   Stab: Sleeping          |     4 |     2 ||     6
 Armour: Robe              |    10 |    31 ||    41
  Dodge: Dodged            |    27 |    81 ||   108
